 Dungeon Crawl Stone Soup version 0.31-a0-1540-g5a0b83f448 (webtiles) character file.

Game seed: 452979538051451126

76 bmb222 the Ruffian (level 4, -7/29 HPs)
             Began as an Octopode Shapeshifter on Jan 1, 2024.
             Killed by divine providence
             ... invoked by an orc priest
              (14 damage)
             ... on level 3 of the Dungeon.
             The game lasted 00:03:04 (2493 turns).

bmb222 the Ruffian (Octopode Shapeshifter)          Turns: 2493, Time: 00:03:05

Health: -7/29      AC:  1    Str: 15    XL:     4   Next: 32%
Magic:  4/4        EV: 13    Int: 18    God:
Gold:   130        SH:  0    Dex: 11    Spells: 3/3 levels left

rFire   . .          .
                       - Unarmed
rCold   . . .        (no shield)
rNeg    . . .        (helmet currently unavailable)
rPois   .            (no amulet)
rElec   .            f - ring of see invisible
rCorr   .            h - +6 ring of intelligence
SInv    +            (no ring)
Will    .....        (no ring)
Stlth   ++           (no ring)
HPRegen 0.24/turn    (no ring)
MPRegen 0.09/turn    (no ring)
                     (no ring)

%: no passive effects
@: confused, beast-form
A: beast (slay +1), almost no armour, amphibious, 8 rings, camouflage 1,
gelatinous body 1, (nimble swimmer 1), tentacles
a: Begin Untransformation


You were on level 3 of the Dungeon.
You were a hulking beast.
You visited 1 branch of the dungeon, and saw 3 of its levels.

You collected 130 gold pieces.

Inventory:

Jewellery
 f - a ring of see invisible (left tentacle)
 h - a +6 ring of intelligence (right tentacle)
Talismans
 b - a beast talisman
 c - a flux talisman
Potions
 a - a potion of lignification
 e - 3 potions of curing {unknown}
 g - a potion of attraction {unknown}
 i - a potion of mutation {unknown}
 j - 2 potions of degeneration {unknown}
 m - a potion of enlightenment {unknown}


   Skills:
 * Level 2.1 Fighting
 + Level 2.7 Dodging
 * Level 0.4 Stealth
 + Level 3.6 Unarmed Combat
 + Level 3.4 Shapeshifting


You had 3 spell levels left.
You didn't know any spells.
Your spell library contained the following spells:

 Spells                   Type           Power      Damage    Failure   Level
 Tukima's Dance           Hex            0%         N/A       54%         3
 Dimensional Bullseye     Hex/Tloc       0%         N/A       91%         4
 Iskenderun's Mystic Bla  Conj/Tloc      0%         2d3       91%         4


Dungeon Overview and Level Annotations

Branches:
Dungeon (3/15)

Altars:

Shops:
D:2 =


Innate Abilities, Weirdness & Mutations

You are a hulking beast.
Your limbs bulge with bestial killing power. (Slay +1)
You cannot wear most types of armour.
You are amphibious.
You can wear up to eight rings at the same time.
Your skin changes colour to match your surroundings (Stealth+).
Your rubbery body absorbs attacks. (AC +1, EV +1)
((You are camouflaged when in or above water. (Stealth+)))
You have tentacles for arms and can constrict up to eight enemies at once.


Message History

Done waiting.
Blink to where?
Press: ? - help, Dir - move target
As you read the scroll labelled ESUIME VEPU, it crumbles to dust.
It was a scroll of blinking.
The air fills with toxic fumes!
As you read the scroll labelled KYPODUINIK, it crumbles to dust.
It was a scroll of poison.
As you read the scroll labelled ADGHOSHA LIEV, it crumbles to dust.
You assume a fearsome visage.
Nothing appears to happen.
It was a scroll of fear.
As you read the scroll labelled WUNKAXAKOC, it crumbles to dust.
It is a scroll of enchant armour.
You aren't carrying any armour which can be enchanted further.
You start waiting.
Done waiting.
You start waiting.
Done waiting.
You climb downwards.
The orc shouts!
The orc closely misses you. The orc hits you with a +0 short sword.
An endoplasm comes into view.
There is a stone staircase leading up here.
The orc priest invokes the aid of Beogh against you.
Pain shoots through your body! The orc barely misses you.
The orc wizard casts a spell at you.
You are confused.
In your confused state, you trip and fall back down the stairs.
The orc barely misses you.
Unknown command.
The orc priest calls down the wrath of Beogh upon you.
Beogh smites you!
* * * LOW HITPOINT WARNING * * *
The orc barely misses you. The orc hits you with a +0 short sword.
* * * LOW HITPOINT WARNING * * *
In your confused state, you trip and fall back down the stairs.
* * * LOW HITPOINT WARNING * * *
The orc priest calls down the wrath of Beogh upon you.
Beogh smites you!
You die...

.# ..# ....
..#.# .#...##
###### ...#...
.....
#....o##o.#####
#...ooh...J...
###..##..#####
#.o.<..#
#.###.## r. .#
... .# ... .#
.... .. .#


You could see an orc priest, an orc wizard, 2 orcs and an endoplasm.

Vanquished Creatures
  3 adders (D:2)
  A dart slug (D:2)
  An orc (D:2)
  3 bats (D:2)
  7 endoplasms
  A giant cockroach (D:1)
  2 goblins
  5 hobgoblins
  2 quokkas (D:2)
  7 ball pythons
  2 frilled lizards (D:1)
  3 kobolds
  8 rats
45 creatures vanquished.

Notes
Turn   | Place    | Note
-------+----------+-------------------------------------------
     0 | D:1      | bmb222 the Octopode Shapeshifter began the quest for the
                  | Orb.
     0 | D:1      | Reached XP level 1. HP: 13/13 MP: 1/1
   146 | D:1      | Found a faded altar of an unknown god.
   251 | D:1      | Reached XP level 2. HP: 18/18 MP: 2/2
   847 | D:2      | Reached XP level 3. HP: 11/23 MP: 3/3
  1059 | D:2      | Reached XP level 4. HP: 11/29 MP: 4/4
  1308 | D:2      | Found Ocupiytz's Jewellery Boutique.
  2493 | D:3      | Killed from afar by an orc priest

Illustrated notes

Levels and vault maps discovered:
D:1:      dpeg_arrival_round_b, layout_basic,
          shapermc_ecumenical_altar_mp_urbaneastern
D:2:      layout_basic, serial_shops, nicolae_shop_window_shopping,
          serial_bayou_lagoon_a, supply_closet_lemuel, grunt_ministairs_5
D:3:      layout_loops_ring, old_standard_altar, grunt_ashenzari_visionary
          [grunt_ashenzari_visionary_shoals, grunt_ashenzari_visionary_spider],
          nicolae_overflow_crystal_walls, uniq_robin

Skill      XL: |  1  2  3  4 |
---------------+-------------+-----
Fighting       | 2 |  2.1
Dodging        | |  2.7
Stealth        | |  0.4
Unarmed Combat | |  3.6
Shapeshifting  | |  3.4

Action                     |  1- 3 |  4- 6 || total
---------------------------+-------+-------++-------
  Melee: Unarmed           |    66 |    27 ||    93
         Constrict         |    19 |     6 ||    25
         Tentacles         |    11 |     6 ||    17
         Punch             |       |     2 ||     2
    Use: Scroll            |       |     5 ||     5
   Stab: Sleeping          |     8 |     2 ||    10
 Armour: Skin              |    21 |    19 ||    40
  Dodge: Dodged            |    46 |    19 ||    65

Table legend: (Time is in decaauts)
 A = Elapsed time spent in this place.
 B = Non-inter-level travel time spent in this place.
 C = Inter-level travel time spent in this place.
 D = Time resting spent in this place.
 E = Time spent auto-exploring this place.
 F = Levels seen in this place.
 G = Mean time per level.
                   A        B        C        D        E       F      G
               +--------+--------+--------+--------+--------+-----+--------+
         Total |   2487 |   2415 |     72 |    523 |   1567 |   3 |  829.0 |
       Dungeon |   2487 |   2415 |     72 |    523 |   1567 |   3 |  829.0 |
               +--------+--------+--------+--------+--------+-----+--------+

Top non-repeatable levels by time:
     D:2: 1671 daAuts
     D:1: 801 daAuts
     D:3: 14 daAuts
